 Dungeon Crawl Stone Soup version 0.19.5 (webtiles) character file.

78 dze the Magician (level 4, -15/36 HPs)
             Began as a Naga Wizard on Mar 24, 2017.
             Killed by divine providence
             ... invoked by an orc priest
              (17 damage)
             ... on level 3 of the Dungeon.
             The game lasted 00:19:19 (1934 turns).

dze the Magician (Naga Wizard)                      Turns: 1934, Time: 00:19:20

Health: -15/36     AC:  2    Str: 10    XL:     4   Next: 36%
Magic:  4/9        EV: 10    Int: 19    God:
Gold:   54         SH:  0    Dex:  9    Spells: 3 memorised, 4 levels left

rFire  . . .     SeeInvis +     p - +1 short sword
rCold  + . .     Gourm    .     a - +0 robe
rNeg   . . .     Faith    .     (no shield)
rPois  +         Spirit   .     b - +0 hat
rElec  .         Reflect  .     (no cloak)
rCorr  .         Harm     .     (no gloves)
MR     .....     Rnd*Tele +     (no barding)
Stlth  ++........               (no amulet)
                                v - ring of protection from cold
                                l - ring of teleportation (curse)

@: slowed, very slow
A: see invisible, deformed body, poison resistance, slowness 2, slow metabolism
1, spit poison 1, AC +1
a: Spit Poison


You were on level 3 of the Dungeon.
You were not hungry.

You visited 1 branch of the dungeon, and saw 3 of its levels.

You collected 54 gold pieces.

Inventory:

Hand Weapons
 g - a +0 club
 p - a +1 short sword (weapon)
Armour
 a - a +0 robe (worn)
 b - a +0 hat (worn)
Jewellery
 l - a cursed ring of teleportation (left hand)
 v - a ring of protection from cold (right hand)
Wands
 u - a wand of acid (4/15)
Scrolls
 j - 3 scrolls of identify
 n - a scroll of fear {unknown}
Potions
 e - a potion of agility
 k - 2 potions of beneficial mutation {unknown}
 m - 2 potions of haste {unknown}
 q - 2 potions of curing
 s - a potion of flight {unknown}
 w - a potion of mutation {unknown}
Books
 c - a book of Minor Magic

   Spells                             Type                      Level
   a - Magic Dart                     Conjuration                  1
   b - Blink                          Translocation                2
   c - Call Imp                       Summoning                    2
   d - Repel Missiles                 Charms/Air                   2
   e - Slow                           Hexes                        2
   f - Conjure Flame                  Conjuration/Fire             3
   g - Mephitic Cloud                 Conjuration/Poison/Air       3
Comestibles
 d - 3 bread rations
 h - 3 fruits
 o - a meat ration
 r - 5 beef jerkies
 t - a royal jelly


   Skills:
 - Level 0.2 Fighting
 + Level 2.0 Dodging
 + Level 3.8 Stealth
 * Level 3.9 Spellcasting
 * Level 2.0 Conjurations
   Level 1.0 Summonings
 - Level 1.0 Translocations


You had 4 spell levels left.
You knew the following spells:

 Your Spells              Type           Power        Failure   Level  Hunger
a - Magic Dart            Conj           ##..         10%         1    None
b - Blink                 Tloc           N/A          17%         2    ##.....
c - Mephitic Cloud        Conj/Pois/Air  #.......     34%         3    ###....


Dungeon Overview and Level Annotations

Branches:
Dungeon (3/15)

Altars:
Ashenzari
Cheibriados
Dithmenos
Kikubaaqudgha
Trog
Xom

Annotations:
D:3 Ijyb, Sigmund


Innate Abilities, Weirdness & Mutations

You cannot wear boots.
Your serpentine skin is tough. (AC +1)
You have supernaturally acute eyesight. (SInv)
Armour fits poorly on your strangely shaped body.
Your system is resistant to poisons. (rPois)
You cover ground very slowly.
You have a slow metabolism.
You can spit poison.


Message History

The jackal bites you.
The orc priest invokes the aid of Beogh against you.
Beogh smites you!
The orc priest begins to cast a cantrip, but forgets the words!
The jackal bites you.
The orc shouts!
The jackal barely misses you. The jackal bites you.
The jackal closely misses you.
The orc priest looks satisfied for a moment.
Your magical contamination has completely faded away.
The jackal barks!
The orc wizard shouts!
You hear an angry hiss.
The giant cockroach closely misses you. The jackal bites you.
The orc priest mumbles some strange prayers to Beogh against you.
Beogh smites you!
* * * LOW HITPOINT WARNING * * *
The giant cockroach bites you.
* * * LOW HITPOINT WARNING * * *
The orc priest calls down the wrath of Beogh upon you.
Beogh smites you!
You die...

..# ### ##########
.........##+###+##
.........#.........
............g......
........h.o........
.......@o..o.S.....
.......sh..o.......
?..................
...........o.......
...................
########.%...######
#.....# #######


You could see 2 orc priests, an orc wizard, 2 orcs, 2 jackals, a giant
cockroach, a hobgoblin and a ball python.

Vanquished Creatures
  An adder (D:2)
  An ooze (D:2)
  2 worms (D:2)
  A dart slug (D:2)
  4 leopard geckos
  An orc (D:3)
  3 giant cockroaches (D:1)
  5 goblins (D:1)
  6 hobgoblins
  4 jackals (D:1)
  2 ball pythons (D:1)
  3 bats
  4 frilled lizards
  7 kobolds
  8 rats
52 creatures vanquished.

Notes
Turn   | Place    | Note
-------+----------+-------------------------------------------
     0 | D:1      | dze the Naga Wizard began the quest for the Orb.
     0 | D:1      | Reached XP level 1. HP: 15/15 MP: 4/4
   142 | D:1      | Reached XP level 2. HP: 1/22 MP: 0/6
   611 | D:1      | Reached XP level 3. HP: 24/28 MP: 2/8
   688 | D:1      | Learned a level 2 spell: Blink
   692 | D:1      | Learned a level 3 spell: Mephitic Cloud
  1487 | D:2      | Found a shimmering altar of Xom.
  1489 | D:2      | Found an iron altar of Okawaru.
  1489 | D:2      | Found a hide-covered altar of Uskayaw.
  1492 | D:2      | Found a sacrificial altar of Ru.
  1492 | D:2      | Found a hide-covered altar of Uskayaw.
  1492 | D:2      | Found a blossoming altar of Fedhas.
  1493 | D:2      | Reached XP level 4. HP: 36/36 MP: 9/9
  1763 | D:2      | Found a bloodstained altar of Trog.
  1782 | D:2      | Found a shadowy altar of Dithmenos.
  1787 | D:2      | Found a snail-covered altar of Cheibriados.
  1794 | D:2      | Found a shattered altar of Ashenzari.
  1853 | D:3      | Found an ancient bone altar of Kikubaaqudgha.
  1906 | D:3      | Noticed Ijyb
  1924 | D:3      | Noticed Sigmund
  1934 | D:3      | Killed from afar by an orc priest

Skill      XL: |  1  2  3  4 |
---------------+-------------+-----
Dodging        | 2 |  2.0
Conjurations   | 2 |  2.0
Fighting       | |  0.2
Stealth        | |  3.8
Spellcasting   | |  3.9
Summonings     | |  1.0
Translocations | |  1.0

Action                   |  1- 3 |  4- 6 || total
-------------------------+-------+-------++-------
Melee: Club              |    14 |       ||    14
       Unarmed           |     1 |       ||     1
       Short sword       |     3 |     8 ||    11
 Cast: Magic Dart        |    63 |    34 ||    97
       Blink             |     1 |       ||     1
       Mephitic Cloud    |       |     1 ||     1
 Abil: Spit Poison       |    26 |    12 ||    38
  Use: Scroll            |     2 |     1 ||     3
 Stab: Sleeping          |     1 |       ||     1
  Eat: Chunk             |     2 |     2 ||     4
Armor: Robe              |     6 |     1 ||     7
Dodge: Dodged            |    31 |    15 ||    46
